 Dungeon Crawl Stone Soup version 0.28-a0-1002-gf00fe891ef (webtiles) character file.

Game seed: 7596686248221570455

379 ytrimaz the Insei (level 6, -1/49 HPs)
             Began as an Octopode Transmuter on Dec 6, 2021.
             Was a Believer of Wu Jian.
             Slain by a wight (11 damage)
             ... on level 4 of the Dungeon.
             The game lasted 00:04:50 (3849 turns).

ytrimaz the Insei (Octopode Transmuter)             Turns: 3849, Time: 00:04:50

Health: -1/49      AC:  5    Str: 10    XL:     6   Next: 74%
Magic:  8/11       EV: 10    Int: 17    God:    Wu Jian [**....]
Gold:   116        SH:  0    Dex: 12    Spells: 3/11 levels left

rFire   x . .      SeeInvis .     - Unarmed
rCold   + + +      Faith    .   (shield currently unavailable)
rNeg    . . .      Spirit   .   (helmet currently unavailable)
rPois   +          Reflect  .   (no amulet)
rElec   .          Harm     .   c - ring of willpower
rCorr   .          Rampage  .   (no ring)
Will    +....                   (no ring)
Stlth   +.........              (no ring)
HPRegen 0.16/turn               (no ring)
MPRegen 0.12/turn               (no ring)
                                (no ring)
                                (no ring)

@: ice-form
A: freezing attack, boosted hp, almost no armour, amphibious, 8 rings, large,
(camouflage 1), (gelatinous body 1), (nimble swimmer 1), (tentacles)
a: End Transformation, Renounce Religion, Wall Jump


You were on level 4 of the Dungeon.
You worshipped Wu Jian.
Wu Jian was pleased with you.
You were a creature of crystalline ice.
You visited 1 branch of the dungeon, and saw 4 of its levels.

You collected 116 gold pieces.

Inventory:

Jewellery
 c - a ring of willpower (left front paw)
 k - a ring of willpower
Scrolls
 b - 2 scrolls of fog
 d - a scroll of teleportation
 e - 3 scrolls of amnesia {unknown}
 f - a scroll of torment
 h - 2 scrolls of summoning
 i - a scroll of identify
Potions
 a - 4 potions of curing
 g - a potion of lignification
 j - a potion of attraction {unknown}


   Skills:
 * Level 2.4 Fighting
 - Level 2.0 Dodging
 + Level 5.4 Unarmed Combat
 * Level 3.4 Spellcasting
 * Level 3.3 Transmutations
 - Level 0.1 Poison Magic


You had 3 spell levels left.
You knew the following spells:

 Your Spells              Type           Power      Damage    Failure   Level
a - Beastly Appendage     Tmut           28%        N/A       4%          1
b - Spider Form           Tmut/Pois      8%         N/A       26%         3
c - Ice Form              Ice/Tmut       8%         N/A       63%         4

Your spell library contained the following spells:

 Spells                   Type           Power      Damage    Failure   Level
 Wereblood                Tmut           14%        N/A       6%          2


Dungeon Overview and Level Annotations

Branches:
Dungeon (4/15)
 Temple: D:4-7

Altars:
Cheibriados
Wu Jian

Shops:
D:3 [[(:?


Innate Abilities, Weirdness & Mutations

You are a creature of crystalline ice.
You have a powerful freezing melee attack.
Your maximum health is increased.
Your armour is entirely melded.
You are incapable of wielding weapons or throwing items.
You cannot wear most types of armour.
You are amphibious.
You can wear up to eight rings at the same time.
((Your skin changes colour to match your surroundings (Stealth+).))
((Your rubbery body absorbs attacks. (AC +1, EV +1)))
((You are camouflaged near water. (Stealth+)))
((You have tentacles for arms and can constrict up to eight enemies at once.))


Message History

Confirm with . or Enter, or press ? or * to list all spells.
The spell is quite dangerous to miscast (26% risk of failure)!
Continue anyway?
Okay, then.
This spell is extremely dangerous to cast!
Memorise Ice Form, consuming 4 spell levels and leaving 3?
You start memorising the spell.
You continue memorising. x4
You finish memorising.
Spell assigned to 'c'.
Unknown command.
Casting: Spider Form (quite dangerous; 26% risk of failure)
Confirm with . or Enter, or press ? or * to list all spells.
The spell is extremely dangerous to miscast (65% risk of failure)!
Continue anyway?
You turn into a creature of crystalline ice.
Unknown command.
You see here a hobgoblin corpse.
The wight closely misses you.
You punch the wight!
The wight is heavily damaged.
The wight hits you with a +2 dire flail of freezing!
You hit the wight.
The wight is severely damaged.
You barely miss the wight. You hit the wight but do no damage.
The wight hits you with a +2 dire flail of freezing!
The wight closely misses you.
Unknown command.
You barely miss the wight.
The wight is severely damaged.
The wight hits you with a +2 dire flail of freezing.
You feel drained. The wight hits you with a +2 scimitar!
You feel drained.
* * * LOW HITPOINT WARNING * * *
You punch the wight!
You destroy the wight!
The Council accepts your kill. The wight misses you.
Your life force feels restored.
Unknown command.
You hit the wight.
The wight is lightly damaged.
The wight hits you with a +2 scimitar!
You die...

.. #.. #.. #..
### #.# #.#
#.# #.#
#.####.######
#..†.......†#
#Y).....###.#
#z####..# #.#
#.#
#..###.######
...
..............
.#.#
#..####>######
....# #..# #.#
.# ... ...#
#.# ... #.#
#.#


You could see a wight.

Vanquished Creatures
  A necrophage (D:4)
  A wight (D:4)
  An orc wizard (D:4)
  Natasha (twice) (D:3)
  2 iguanas (D:4)
  3 gnolls (D:2)
  2 adders (D:3)
  2 dart slugs
  7 orcs
  5 ball pythons
  6 endoplasms
  8 goblins
  7 hobgoblins
  4 jackals (D:1)
  A quokka (D:3)
  5 bats
  3 frilled lizards
  9 kobolds
  3 rats
72 creatures vanquished.

Vanquished Creatures (others)
  4 fungi (D:2)
  A plant (D:2)
5 creatures vanquished.

Grand Total: 77 creatures vanquished

Notes
Turn   | Place    | Note
-------+----------+-------------------------------------------
     0 | D:1      | ytrimaz the Octopode Transmuter began the quest for the
                  | Orb.
     0 | D:1      | Reached XP level 1. HP: 13/13 MP: 3/3
    71 | D:1      | Reached XP level 2. HP: 8/18 MP: 5/5
   947 | D:1      | Reached XP level 3. HP: 18/23 MP: 4/6
   951 | D:1      | Learned a level 3 spell: Spider Form
  1755 | D:2      | Reached XP level 4. HP: 11/28 MP: 4/7
  1949 | D:2      | Found a faded altar of an unknown god.
  1971 | D:2      | Reached skill level 4 in Unarmed Combat
  1975 | D:2      | Prayed at the altar of an unknown god.
  1975 | D:2      | Became a worshipper of the Wu Jian Council
  1975 | D:2      | Reached * piety under Wu Jian
  2429 | D:3      | Noticed Natasha
  2435 | D:3      | Killed Natasha
  2436 | D:3      | Found Neuz Yho's Magic Scroll Emporium.
  2598 | D:3      | Reached XP level 5. HP: 30/34 MP: 6/9
  2680 | D:3      | Found Huggov's Weapon Shop.
  2692 | D:3      | Found Golot Seewe's Book Boutique.
  2750 | D:3      | Noticed Natasha
  2757 | D:3      | Killed Natasha
  3196 | D:3      | Found Sowk's Antique Armour Emporium.
  3289 | D:3      | Found Asagarph's Armour Emporium.
  3401 | D:4      | Reached ** piety under Wu Jian
  3467 | D:4      | Noticed a necrophage
  3473 | D:4      | Killed a necrophage
  3474 | D:4      | Reached skill level 5 in Unarmed Combat
  3474 | D:4      | Reached XP level 6. HP: 26/39 MP: 8/10
  3758 | D:4      | Found a snail-covered altar of Cheibriados.
  3838 | D:4      | Learned a level 4 spell: Ice Form
  3849 | D:4      | Slain by a wight

Illustrated notes

Levels and vault maps discovered:
D:1:      erik_arrival_triangle_medium, layout_basic, nrook_mini_backslash,
          moated_statue, minmay_misc_feat_secret_circle,
          nicolae_figureground_pulse
D:2:      layout_rooms, shapermc_ecumenical_altar_ellora, grunt_decor_fettered
D:3:      layout_loops_ring, serial_shops, nicolae_lakefront_shop, shop,
          shop_fountains, shop, nicolae_diamond_shop, uniq_natasha
D:4:      layout_basic, nicolae_gozag_cash_rules_everything_around_me,
          mainiacjoe_overflow_six_doors_small

Skill      XL: |  1  2  3  4  5 |
---------------+----------------+-----
Unarmed Combat | 4 5 |  5.4
Fighting       | 2 |  2.4
Spellcasting   | 3 |  3.4
Transmutations | 3 |  3.3
Dodging        | |  2.0
Poison Magic   | |  0.1

Action                   |  1- 3 |  4- 6 || total
-------------------------+-------+-------++-------
Melee: Unarmed           |    77 |    90 ||   167
       Constrict         |    23 |     9 ||    32
       Tentacles         |    12 |     4 ||    16
       Kick              |     3 |     1 ||     4
       Punch             |       |     1 ||     1
 Cast: Beastly Appendage |     8 |     1 ||     9
       Spider Form       |     1 |     7 ||     8
       Ice Form          |       |     1 ||     1
Invok: Lunge             |       |    15 ||    15
       Whirlwind         |       |     3 ||     3
  Use: Scroll            |     5 |     2 ||     7
       Potion            |     1 |       ||     1
 Stab: Sleeping          |     4 |     5 ||     9
       Distracted        |       |     1 ||     1
Armor: Skin              |     7 |     1 ||     8
Dodge: Dodged            |    52 |    40 ||    92

Table legend: (Time is in decaauts)
 A = Elapsed time spent in this place.
 B = Non-inter-level travel time spent in this place.
 C = Inter-level travel time spent in this place.
 D = Time resting spent in this place.
 E = Time spent auto-exploring this place.
 F = Levels seen in this place.
 G = Mean time per level.
                   A        B        C        D        E       F      G
               +--------+--------+--------+--------+--------+-----+--------+
         Total |   3837 |   3777 |     60 |    113 |   3068 |   4 |  959.2 |
       Dungeon |   3837 |   3777 |     60 |    113 |   3068 |   4 |  959.2 |
               +--------+--------+--------+--------+--------+-----+--------+

Top non-repeatable levels by time:
     D:1: 1328 daAuts
     D:2: 1075 daAuts
     D:3: 972 daAuts
     D:4: 461 daAuts
